 Dungeon Crawl Stone Soup version 0.31.0-10-gcf4a605ca0 (webtiles) character file.

Game seed: 4600541905301107790

68 Arcadio the Ruffian (level 4, -2/34 HPs)
             Began as a Merfolk Shapeshifter on Jan 25, 2024.
             Succumbed to a gnoll's poison
             ... on level 1 of the Dungeon.
             The game lasted 00:01:32 (966 turns).

Arcadio the Ruffian (Merfolk Shapeshifter)           Turns: 966, Time: 00:01:32

Health: -2/34      AC:  3    Str: 16    XL:     4   Next: 19%
Magic:  4/4        EV: 13    Int:  9    God:
Gold:   64         SH:  0    Dex: 13    Spells: 3/3 levels left

rFire   . .          .
                       - Unarmed
rCold   . . .        (no shield)
rNeg    . . .        i - +1 robe {Will+}
rPois   .            (helmet currently unavailable)
rElec   .            (cloak currently unavailable)
rCorr   .            (gloves currently unavailable)
SInv    .            (boots currently unavailable)
Will    +....        (no amulet)
Stlth   +            (no ring)
HPRegen 0.25/turn    (no ring)
MPRegen 0.09/turn

%: no passive effects
@: lethally poisoned (-2 -> -17), beast-form
A: beast (slay +2), (nimble swimmer 2), mertail
a: Begin Untransformation


You were on level 1 of the Dungeon.
You were a hulking beast.
You visited 1 branch of the dungeon, and saw 2 of its levels.

You collected 64 gold pieces.

Inventory:

Armour
 a - a +0 animal skin
 i - a +1 robe of willpower (worn)
Talismans
 c - a beast talisman
 d - a flux talisman
Scrolls
 e - 3 scrolls of teleportation {unknown}
 f - a scroll of enchant weapon {unknown}
 g - a scroll of poison {unknown}
 h - a scroll of revelation {unknown}
 j - a scroll of vulnerability {unknown}
Potions
 b - 2 potions of lignification


   Skills:
 + Level 2.6 Fighting
 + Level 3.9 Dodging
 + Level 4.1 Unarmed Combat
 - Level 4.0 Shapeshifting


You had 3 spell levels left.
You didn't know any spells.
Your spell library was empty.

Dungeon Overview and Level Annotations

Branches:
Dungeon (2/15)

Altars:


Innate Abilities, Weirdness & Mutations

You are a hulking beast.
Your limbs bulge with bestial killing power. (Slay +2)
((You are very nimble when in or above water. (Stealth+, EV+, Speed+++)))
Your lower body shifts to a powerful aquatic tail in water.


Message History

A hobgoblin comes into view.
A gnoll comes into view. It is wielding a +0 flail of venom.
A gnoll comes into view. It is wielding a +0 spear.
The gnoll shouts!
The hobgoblin shouts!
A kobold comes into view. It is wielding a +0 dagger.
The kobold shouts!
The gnoll attacks as it pursues you! The gnoll misses you.
The gnoll attacks as it pursues you! The gnoll hits you with a +0 whip.
The gnoll closely misses you. The gnoll hits you with a +0 spear!
The gnoll completely misses you.
There is a stone staircase leading up here.
The gnoll hits you with a +0 spear.
You climb upwards.
There is a stone staircase leading down here.
You hit the gnoll.
The gnoll is moderately wounded.
You punch the gnoll!
You kill the gnoll!
You see here a +0 spear.
You start resting.
HP restored.
There is a stone staircase leading down here.
You climb downwards.
The gnoll closely misses you.
The kobold throws a stone.
The stone hits you but does no damage. The gnoll hits you with a +0 whip!
There is a stone staircase leading up, spattered with blood here.
The gnoll hits you with a +0 flail of venom.
You are poisoned.
The gnoll misses you.
You climb upwards.
You feel very sick.
There is a stone staircase leading down here.
You completely miss the gnoll.
You feel sick.
The gnoll hits you with a +0 flail of venom!
You are lethally poisoned!
The gnoll hits you with a +0 whip!
* * * LOW HITPOINT WARNING * * *
Unknown command.
You die...

#.####.###.............# #.####.#
########......# #...##.######
#.#.##.# #.#.##......# #.#.##.#
#.#.##......# #...##.#
#...........# #.####.#
............# #......#
.##.##......#####.######
.#..##.##......gh.....#
.#.###.########>#.###.#
.#.###.########g#.###.#
................#..##.#
...###....>.##...#.##.# #).#
#...........#.##.#
#..###.^...###........#
#.#........# #.....####### ######
#..###.....###.###.......###.....


You could see 2 gnolls.

Vanquished Creatures
  A gnoll (D:1)
  An adder (D:2)
  A dart slug (D:2)
  2 bats (D:1)
  5 endoplasms
  2 giant cockroaches (D:1)
  5 goblins (D:1)
  4 hobgoblins
  7 jackals (D:1)
  A quokka (D:1)
  2 ball pythons (D:1)
  2 frilled lizards (D:1)
  3 kobolds (D:1)
  7 rats (D:1)
43 creatures vanquished.

Notes
Turn   | Place    | Note
-------+----------+-------------------------------------------
     0 | D:1      | Arcadio the Merfolk Shapeshifter began the quest for the
                  | Orb.
     0 | D:1      | Reached XP level 1. HP: 15/15 MP: 1/1
   101 | D:1      | Reached XP level 2. HP: 18/21 MP: 2/2
   411 | D:1      | Reached XP level 3. HP: 26/27 MP: 3/3
   834 | D:2      | Reached XP level 4. HP: 29/34 MP: 4/4
   965 | D:1      | HP: 1/34 [gnoll/+0 whip (7)]
   966 | D:1      | Succumbed to a gnoll's poison

Illustrated notes

Levels and vault maps discovered:
D:1:      ncdulo_wetmaze, layout_loops_cross
D:2:      layout_rooms, serial_shops, nicolae_shop_window_shopping,
          chequers_serial_rivers_room_a, minmay_heptomino_l4

Skill      XL: |  1  2  3 |
---------------+----------+-----
Dodging        | 3 |  3.9
Fighting       | 2 |  2.6
Unarmed Combat | 4 |  4.1
Shapeshifting  | |  4.0

Action                     |  1- 3 |  4- 6 || total
---------------------------+-------+-------++-------
  Melee: Unarmed           |   101 |     4 ||   105
 Armour: Animal skin       |    31 |       ||    31
         Robe              |     7 |     8 ||    15
  Dodge: Dodged            |    83 |     5 ||    88
